 Dungeon Crawl Stone Soup version 0.29-a0-459-g97dee8cd24 (webtiles) character file.

Game seed: 11449983201913181889

129 runemasterragnar the Changer (level 4, -2/52 HPs)
             Began as a Draconian Transmuter on May 21, 2022.
             Frozen to death by an endoplasm (4 damage)
             ... on level 2 of the Dungeon.
             The game lasted 00:02:33 (2195 turns).

runemasterragnar the Changer (Draconian Transmuter) Turns: 2195, Time: 00:02:34

Health: -2/52      AC:  6    Str: 12    XL:     4   Next: 88%
Magic:  7/7        EV: 12    Int: 16    God:
Gold:   131        SH:  0    Dex: 11    Spells: 6/7 levels left

rFire   . . .      SeeInvis .   b - +0 long sword (venom)
rCold   . . .      Faith    .   (no shield)
rNeg    . . .      Spirit   .   (body armour unavailable)
rPois   .          Reflect  .   (helmet restricted)
rElec   .          Harm     .   g - +0 cloak
rCorr   .          Rampage  .   (no gloves)
Will    +....                   (no boots)
Stlth   ..........              (no amulet)
HPRegen 0.17/turn               l - ring of willpower
MPRegen 0.10/turn               (no ring)

@: berserking, attractive, slowed
A: AC +5, unfitting armour, cold-blooded
a: no special abilities


You were on level 2 of the Dungeon.
You visited 1 branch of the dungeon, and saw 2 of its levels.

You collected 131 gold pieces.

Inventory:

Hand Weapons
 b - a +0 long sword of venom (weapon)
Armour
 g - a +0 cloak (worn)
Jewellery
 l - a ring of willpower (left hand)
Scrolls
 e - a scroll of fear {unknown}
 f - a scroll of vulnerability {unknown}
 h - a scroll of noise {unknown}
 i - a scroll of enchant armour {unknown}
 k - a scroll of amnesia {unknown}
 m - a scroll of identify {unknown}
Potions
 a - 2 potions of lignification
 c - a potion of attraction


   Skills:
 - Level 1.1 Fighting
 - Level 1.7 Dodging
 - Level 3.0 Unarmed Combat
 - Level 2.0 Spellcasting
 + Level 5.1 Transmutations


You had 6 spell levels left.
You knew the following spells:

 Your Spells              Type           Power      Damage    Failure   Level
a - Beastly Appendage     Tmut           36%        N/A       2%          1

Your spell library contained the following spells:

 Spells                   Type           Power      Damage    Failure   Level
 Wereblood                Tmut           18%        N/A       3%          2
 Spider Form              Tmut/Pois      9%         N/A       22%         3
 Ice Form                 Ice/Tmut       9%         N/A       56%         4


Dungeon Overview and Level Annotations

Branches:
Dungeon (2/15)

Altars:
Elyvilon

Shops:
D:2 *(


Innate Abilities, Weirdness & Mutations

Your plain brown scales are hard. (AC +5)
You cannot fit into any form of body armour.
You are cold-blooded and may be slowed by cold attacks.


Message History

A nearby fungus withers and dies.
There is an open door here.
You slash the endoplasm!
You kill the endoplasm!
The endoplasm barely misses you. The jelly hits you.
You are splashed with acid!
* * * LOW HITPOINT WARNING * * *
Unknown command.
Okay, then.
Things that are here:
a +0 club; a kobold corpse The endoplasm attacks as you move away!
The endoplasm hits you but does no damage.
The endoplasm attacks as you move away! The endoplasm closely misses you.
The endoplasm attacks as you move away! The endoplasm barely misses you.
The endoplasm attacks as you move away!
The endoplasm hits you but does no damage.
There is an open door here.
You aren't carrying any items that you can evoke.
It was a potion of attraction.
You feel attractive to monsters. The endoplasm freezes you.
You are frozen.
* * * LOW HITPOINT WARNING * * *
You feel yourself slow down.
It was a potion of berserk rage.
A red film seems to cover your vision as you go berserk!
You feel yourself moving faster!
You feel mighty! The endoplasm freezes you.
You are frozen.
* * * LOW HITPOINT WARNING * * *
You slash the jelly!
You kill the jelly!
The endoplasm is attracted toward you.
Your Transmutations skill increases to level 5!
You hit the endoplasm.
The endoplasm is almost dead.
The endoplasm freezes you.
You are frozen.
You die...

#.#...#....###'''###....###
#
#.#.#.#...####)..####.....#
..
#.#...#######.....###.#.#.#
#. #.##. # #.......##.#.#.#
#. #.# .# #...)...##.#.#.#
#. ... .# #.......##.#.#.#
#. #.. .#
#.......####.#.######.
#....#### #........>..
#....@JJ####.#.####...
########§# #.#.# #.##
##.J.JJ.## # #.# #.#
##'######## #.# #.#
#.....÷...#####.####.#
#.J.......##..†......##
#.......÷.#####........
#÷P.....P.####..._..###
#..÷......##........# #


You could see 2 endoplasms.

Vanquished Creatures
  A jelly (D:2)
  Terence (D:2)
  An adder (D:2)
  A worm (D:2)
  5 ball pythons
  7 bats
  7 endoplasms
  A giant cockroach (D:1)
  4 goblins
  4 hobgoblins
  4 jackals
  3 quokkas
  4 frilled lizards (D:1)
  11 kobolds
  3 rats (D:1)
57 creatures vanquished.

Vanquished Creatures (others)
  3 fungi (D:2)
  9 toadstools (D:2)
12 creatures vanquished.

Grand Total: 69 creatures vanquished

Notes
Turn   | Place    | Note
-------+----------+-------------------------------------------
     0 | D:1      | runemasterragnar the Draconian Transmuter began the quest
                  | for the Orb.
     0 | D:1      | Reached XP level 1. HP: 16/16 MP: 3/3
   384 | D:1      | Reached XP level 2. HP: 19/23 MP: 5/5
   515 | D:1      | Found a faded altar of an unknown god.
   531 | D:1      | Reached skill level 3 in Transmutations
  1128 | D:1      | Reached XP level 3. HP: 28/28 MP: 6/6
  1514 | D:2      | Found Zeam Joah's Weapon Shoppe.
  1561 | D:2      | Found a white marble altar of Elyvilon.
  1707 | D:2      | Noticed Terence
  1716 | D:2      | Killed Terence
  1717 | D:2      | Reached skill level 4 in Transmutations
  1717 | D:2      | Reached XP level 4. HP: 28/35 MP: 7/7
  1817 | D:2      | Found Agoisot's Assorted Antiques.
  2193 | D:2      | HP: 1/52 [frozen (4)]
  2195 | D:2      | Reached skill level 5 in Transmutations
  2195 | D:2      | Frozen to death by an endoplasm

Illustrated notes

Levels and vault maps discovered:
D:1:      psy_arrival_basics, layout_basic, hellmonk_ecumenical_altar_dog_temple
D:2:      cheibrodos_fertilizer, layout_loops_ring, serial_shops,
          nicolae_shop_bloodbath_and_beyond, nicolae_shop_crystal, shop,
          basic_altar, uniq_terence

Skill      XL: |  1  2  3  4 |
---------------+-------------+-----
Transmutations | 3 4 5 |  5.1
Fighting       | |  1.1
Dodging        | |  1.7
Unarmed Combat | |  3.0
Spellcasting   | |  2.0

Action                   |  1- 3 |  4- 6 || total
-------------------------+-------+-------++-------
Melee: Long sword        |    95 |    37 ||   132
       Tailslap          |     6 |       ||     6
       Kick              |    10 |     3 ||    13
       Headbutt          |     5 |     1 ||     6
       Punch             |     1 |     1 ||     2
 Cast: Beastly Appendage |    14 |     5 ||    19
  Use: Potion            |       |     2 ||     2
       Scroll            |       |     1 ||     1
Armor: Skin              |    26 |    23 ||    49
Dodge: Dodged            |    84 |    50 ||   134

Table legend: (Time is in decaauts)
 A = Elapsed time spent in this place.
 B = Non-inter-level travel time spent in this place.
 C = Inter-level travel time spent in this place.
 D = Time resting spent in this place.
 E = Time spent auto-exploring this place.
 F = Levels seen in this place.
 G = Mean time per level.
                   A        B        C        D        E       F      G
               +--------+--------+--------+--------+--------+-----+--------+
         Total |   2248 |   2248 |      0 |      0 |   1840 |   2 | 1124.0 |
       Dungeon |   2248 |   2248 |      0 |      0 |   1840 |   2 | 1124.0 |
               +--------+--------+--------+--------+--------+-----+--------+

Top non-repeatable levels by time:
     D:1: 1424 daAuts
     D:2: 824 daAuts
